 Dungeon Crawl Stone Soup version 0.30-a0-283-gf371ce1921 (webtiles) character file.

Game seed: 6174669883310239984

3388 Dnbvrw the Covert (level 9, -3/33 (37) HPs)
             Began as a Spriggan Enchanter on Oct 17, 2022.
             Was a Follower of Dithmenos.
             Slain by a wight
             ... wielding a +2 short sword
              (6 damage)
             ... on level 8 of the Dungeon.
             The game lasted 00:29:07 (8712 turns).

Dnbvrw the Covert (Spriggan Enchanter)              Turns: 8712, Time: 00:29:07

HP:   -3/33 (37)    AC:  2    Str: 14    XL:     9   Next: 74%
MP:   14/23         EV: 18    Int: 17    God:    Dithmenos [*.....]
Gold: 434           SH:  0    Dex: 15    Spells: 16/27 levels left

rFire   . . .      SeeInvis +    s - +3 quick blade (venom)
rCold   . . .      Faith    .    (no shield)
rNeg    . . .      Spirit   .    b - +1 robe
rPois   .          Reflect  .    (helmet restricted)
rElec   .          Harm     .    e - scarf {+Inv}
rCorr   .          Rampage  .    (gloves unavailable)
Will    +....      Rage     3%   (boots unavailable)
Stlth   ++++++....               (no amulet)
HPRegen 0.25/turn                f - +6 ring of strength
MPRegen 0.18/turn                r - +4 ring of slaying

@: on berserk cooldown, slowed, wreathed by umbra, heavily drained, quick
A: very small, no large weapons, unfitting armour, see invisible, speed 3,
berserk 1, deformed body, frail 1
a: Renounce Religion, Evoke Invisibility


You were on level 8 of the Dungeon.
You worshipped Dithmenos.
Dithmenos was aware of your devotion.
You visited 2 branches of the dungeon, and saw 9 of its levels.
You also visited: Sewer and Bailey.

You collected 854 gold pieces.
You spent 420 gold pieces at shops.

Inventory:

Hand Weapons
 a - a +2 dagger
 s - a +3 quick blade of venom (weapon)
Missiles
 p - a curare-tipped dart (quivered)
Armour
 b - a +1 robe (worn)
 e - a scarf of invisibility (worn)
Jewellery
 f - a +6 ring of strength (left hand)
 j - a +6 ring of intelligence
 o - a ring of fire
 r - a +4 ring of slaying (right hand)
 x - a ring of wizardry
Wands
 g - a wand of roots (15)
Scrolls
 d - 3 scrolls of fog
 l - 3 scrolls of teleportation
 t - a scroll of amnesia
 u - a scroll of fear
Potions
 c - 6 potions of invisibility
 h - 5 potions of brilliance
 i - 4 potions of curing
 k - 2 potions of heal wounds
 m - a potion of experience
 n - a potion of might {unknown}
 q - a potion of lignification {unknown}
 v - a potion of magic {unknown}
 w - 3 potions of flight


   Skills:
 + Level 2.0 Fighting
 + Level 3.2 Short Blades
 + Level 4.6 Dodging
 + Level 11.6 Stealth
 + Level 9.7 Spellcasting
 + Level 9.9 Hexes


You had 16 spell levels left.
You knew the following spells:

 Your Spells              Type           Power      Damage    Failure   Level
a - Ensorcelled Hibernat  Hex/Ice        50%        N/A       1%          2
b - Tukima's Dance        Hex            42%        N/A       1%          3
c - Dazzling Flash        Conj/Hex       50%        N/A       3%          3
d - Confusing Touch       Hex            42%        N/A       1%          3

Your spell library contained the following spells:

 Spells                   Type           Power      Damage    Failure   Level
 Magic Dart               Conj           32%        1d4       9%          1
 Fulminant Prism          Conj/Hex       12%        3d9       12%         4
 Searing Ray              Conj           16%        2d5       13%         2
 Sublimation of Blood     Necr           8%         N/A       13%         2
 Wereblood                Tmut           8%         N/A       13%         2
 Gell's Gravitas          Tloc           8%         N/A       26%         3
 Teleport Other           Tloc           8%         N/A       26%         3
 Dispersal                Tloc           4%         N/A       100%        6
 Summon Hydra             Summ           4%         N/A       100%        7


Dungeon Overview and Level Annotations

Branches:
Dungeon (8/15)             Temple (1/1) D:6           Sewer (visited)
 Bailey (visited)
   Lair: D:8-11

Altars:
Dithmenos
Elyvilon
Fedhas
Gozag
Hepliaklqana
Kikubaaqudgha
Makhleb
Nemelex Xobeh
Okawaru
Ru
Sif Muna
Trog
Uskayaw
Vehumet
Wu Jian
Xom
Yredelemnul
Zin

Shops:
D:5 *


Innate Abilities, Weirdness & Mutations

You are very small and have problems with some larger weapons.
You are too small for most types of armour.
You have supernaturally acute eyesight. (SInv)
You cover ground extremely quickly. (Speed+++)
You sometimes lose your temper in combat.
Armour fits poorly on your strangely shaped body.
You are frail. (-10% HP)


Message History

You feel a strong urge to attack something.
You are no longer berserk.
You are exhausted.
You feel yourself slow down.
You hit the wight.
The wight is moderately damaged.
The wight barely misses you.
Unknown command.
Unknown command.
Casting: Confusing Touch (safe; 1% risk of failure)
Confirm with . or Enter, or press ? or * to list all spells.
Aiming: Tukima's Dance (safe; 1% risk of failure)
Press: ? - help, Shift-Dir - straight line, f - wight
Aim: a wight, wielding a +0 dagger and wearing a +0 robe (lightly damaged, chance to affect: 67%)
The wight struggles to resist.
The wight misses you.
Unknown command.
Casting: Tukima's Dance (safe; 1% risk of failure)
Confirm with . or Enter, or press ? or * to list all spells.
Aiming: Tukima's Dance (safe; 1% risk of failure)
Press: ? - help, Shift-Dir - straight line, f/p - wight
Aim: a wight, wielding a +0 dagger and wearing a +0 robe (lightly damaged, umbra, chance to affect: 67%)
The wight struggles to resist.
The wight completely misses you. The wight hits you with a +0 dagger.
Unknown command.
Casting: Tukima's Dance (safe; 1% risk of failure)
Confirm with . or Enter, or press ? or * to list all spells.
Aiming: Tukima's Dance (safe; 1% risk of failure)
Press: ? - help, Shift-Dir - straight line, f/p - wight
Aim: a wight, wielding a +0 dagger and wearing a +0 robe (lightly damaged, umbra, chance to affect: 67%)
The +0 dagger dances into the air!
The wight hits you with a +2 short sword!
You feel drained.
The wight hits you with a +4 great sword!!
Ouch! That really hurt!
* * * LOW HITPOINT WARNING * * *
You feel drained.
* * * LOW HITPOINT WARNING * * *
The wight closely misses you. x2; The wight hits you but does no damage.
The wight hits you with a +2 short sword.
You die...

........# #..###
........##......#
................#
................#.
...................
........##.<.(.##..
........##.........
...................
........(.@........
.....#..)zzz..>...
########......###.
......# ###......#
......+
#........#####
......#
#....#.......#
....Y.#
#...####..)..#
......### ##..##
#.)∩).#
......##.##...##
#..)..#


You could see 3 wights and a friendly +0 dagger.

Vanquished Creatures
  Prince Ribbit (D:7)
  A steam dragon (D:8)
  2 ice beasts
  A sky beast (D:8)
  5 orc warriors
  2 ogres
  2 phantoms (D:5)
  A bullfrog (D:6)
  A kobold brigand (D:4)
  4 scorpions
  5 wights
  A howler monkey (D:6)
  3 gnoll boudas
  A hound (D:5)
  An orc priest (D:7)
  3 jellies
  7 iguanas
  Natasha (thrice) (D:2)
  A river rat (Sewer)
  12 adders
  7 gnolls
  A worm (D:2)
  5 dart slugs
  15 orcs
  9 ball pythons
  5 bats
  7 endoplasms
  4 giant cockroaches
  5 hobgoblins
  2 jackals (D:4)
  A quokka (D:5)
  7 frilled lizards
  11 goblins
  18 kobolds
  11 rats
165 creatures vanquished.

Vanquished Creatures (collateral kills)
  An orc knight (Bailey)
  A wight (D:7)
  Terence (D:2)
  2 orc wizards (D:7)
  2 gnolls
  A shadow imp (D:6)
  A white imp (D:7)
  2 orcs (D:7)
  A goblin (Bailey)
  A hobgoblin (Bailey)
13 creatures vanquished.

Vanquished Creatures (others)
  A wizard (D:5)
  5 dancing weapons
  A plant (D:1)
7 creatures vanquished.

Grand Total: 185 creatures vanquished

Notes
Turn   | Place    | Note
-------+----------+-------------------------------------------
     0 | D:1      | Dnbvrw the Spriggan Enchanter began the quest for the Orb.
     0 | D:1      | Reached XP level 1. HP: 9/9 MP: 5/5
   355 | D:1      | Reached XP level 2. HP: 11/13 MP: 7/7
   359 | D:1      | Learned a level 2 spell: Ensorcelled Hibernation
   622 | D:1      | Gained mutation: You sometimes lose your temper in combat.
                  | [potion of mutation]
   622 | D:1      | Gained mutation: You are strong-willed. (Will+) [potion of
                  | mutation]
   622 | D:1      | Gained mutation: Your muscles are strong. (Str +4, Int/Dex
                  | -1) [potion of mutation]
   709 | D:1      | Lost mutation: Your muscles are strong. (Str +4, Int/Dex
                  | -1) [potion of mutation]
   709 | D:1      | Lost mutation: You are strong-willed. (Will+) [potion of
                  | mutation]
   709 | D:1      | Gained mutation: You have hidden genetic defects. [potion
                  | of mutation]
   916 | D:2      | You fall into a shaft and drop 2 floors!
   945 | D:4      | Found a white marble altar of Elyvilon.
   995 | D:4      | Reached XP level 3. HP: 16/16 MP: 9/9
   999 | D:4      | Learned a level 3 spell: Tukima's Dance
  1000 | D:4      | Gained mutation: You are frail. (-10% HP) [hidden defects]
  1003 | D:4      | Learned a level 3 spell: Confusing Touch
  1100 | D:4      | Gained mutation: Armour fits poorly on your strangely
                  | shaped body. [hidden defects]
  1100 | D:4      | Lost mutation: You have hidden genetic defects. [hidden
                  | defects expressed]
  1199 | D:3      | Reached skill level 5 in Hexes
  1199 | D:3      | Reached XP level 4. HP: 8/18 MP: 4/11
  1317 | D:3      | Found a glowing drain.
  1334 | Sewer    | Entered a sewer
  1763 | D:3      | Found an ancient bone altar of Kikubaaqudgha.
  1889 | D:2      | Learned a level 3 spell: Dazzling Flash
  1933 | D:2      | Found a faded altar of an unknown god.
  2065 | D:2      | Noticed Natasha
  2076 | D:2      | Reached XP level 5. HP: 14/21 MP: 10/13
  2085 | D:2      | Killed Natasha
  2086 | D:2      | Reached skill level 5 in Spellcasting
  2138 | D:2      | Noticed Terence
  2163 | D:2      | Killed Terence
  2362 | D:2      | Reached skill level 5 in Stealth
  2709 | D:2      | Noticed Natasha
  2716 | D:2      | Killed Natasha
  2946 | D:2      | Noticed Natasha
  2963 | D:2      | Killed Natasha
  3365 | D:3      | Reached XP level 6. HP: 23/25 MP: 13/15
  4141 | D:4      | Reached skill level 6 in Stealth
  4236 | D:4      | Found a glowing silver altar of Zin.
  4304 | D:5      | Entered Level 5 of the Dungeon
  4541 | D:5      | Found Rowa Tiakul's General Store.
  4571 | D:5      | Reached XP level 7. HP: 28/28 MP: 12/17
  4576 | D:5      | Reached skill level 7 in Stealth
  4992 | D:5      | Found a bloodstained altar of Trog.
  5075 | D:5      | Noticed a wizard
  5081 | D:5      | Killed a wizard
  5220 | D:5      | Reached skill level 8 in Stealth
  5486 | D:5      | Found an iron altar of Okawaru.
  5491 | D:5      | Reached XP level 8. HP: 32/32 MP: 20/20
  5941 | D:6      | Identified the +0 ring mail "Awiawoe" {rC++ Str-2}
  5970 | D:6      | Reached skill level 9 in Stealth
  6080 | D:6      | Found a sparkling altar of Nemelex Xobeh.
  6391 | D:6      | Found a staircase to the Ecumenical Temple.
  6397 | Temple   | Entered the Ecumenical Temple
  6413 | Temple   | Became a worshipper of Dithmenos the Shadowed
  6659 | D:5      | Bought a +3 quick blade of venom for 420 gold pieces
  6741 | D:7      | Reached skill level 10 in Stealth
  7337 | D:7      | Found an ornate altar of the Wu Jian Council.
  7340 | D:7      | Noticed Prince Ribbit
  7352 | D:7      | Killed Prince Ribbit
  7353 | D:7      | Reached XP level 9. HP: 35/35 MP: 21/23
  7683 | D:7      | Found an opulent altar of Gozag.
  8055 | D:8      | Reached skill level 11 in Stealth
  8094 | D:8      | Found a flagged portal.
  8101 | Bailey   | Entered a bailey
  8204 | Bailey   | Reached * piety under Dithmenos
  8271 | Bailey   | Reached skill level 1 in Fighting
  8339 | Bailey   | Noticed an orc knight
  8351 | Bailey   | Killed an orc knight
  8477 | Bailey   | Identified the +8 spear of Contradiction {pain, *Noise
                  | rElec rF+ Will++}
  8712 | D:8      | Slain by a wight

Illustrated notes

Levels and vault maps discovered:
D:1:      roderic_crop_circles_arrival_small, layout_basic,
          grunt_decor_mini_mirrors
D:2:      layout_basic, shapermc_ecumenical_altar_pompeii, uniq_natasha,
          uniq_terence
D:3:      layout_loops_ring, general_overflow_altar, portal_sewer_entry_d,
          grunt_ministairs_2, minmay_close_crescents
D:4:      layout_rooms, elyvilon_altar_5, zin_scriptorium
D:5:      layout_cave_pods, okawaru_metal_pillars_1_2, trog_wizard,
          serial_shops, nicolae_shop_hallway_stairs, minmay_fractal_squares_5
D:6:      layout_rooms, nemelex_dance_club_becter,
          minmay_temple_entry_nine_rooms
D:7:      layout_loops_corners, grunt_gozag_breadcrumbs,
          mainiacjoe_overflow_cross_hatched, corexii_corridor_pit,
          uniq_prince_ribbit1
D:8:      layout_cave_pools, nicolae_qazlal_eye_of_the_storm, enter_bailey_2,
          kennysheep_generic_room_14
Temple:   hellmonk_temple_rainy

Skill      XL: |  1  2  3  4  5  6  7  8  9 |
---------------+----------------------------+-----
Spellcasting   | 3 4 5 6 7 9 |  9.7
Hexes          | 4 5 6 7 9 |  9.9
Stealth        | 5 6 8 10 11 | 11.6
Dodging        | 4 |  4.6
Fighting       | 2 |  2.0
Short Blades   | 3 |  3.2

Action                   |  1- 3 |  4- 6 |  7- 9 || total
-------------------------+-------+-------+-------++-------
Melee: Dagger            |   109 |   178 |    79 ||   366
       Punch             |     1 |     1 |     1 ||     3
       Quick blade       |       |       |   112 ||   112
Throw: Dart              |       |       |     1 ||     1
 Cast: Ensorcelled Hiber |     6 |    35 |    34 ||    75
       Confusing Touch   |     1 |     3 |     8 ||    12
       Tukima's Dance    |       |     7 |    23 ||    30
 Abil: Evoke Invisibilit |       |       |     1 ||     1
Evoke: Wand              |       |       |     2 ||     2
  Use: Potion            |     2 |       |     1 ||     3
       Scroll            |     2 |    11 |     5 ||    18
 Stab: Sleeping          |    11 |    35 |    26 ||    72
       Distracted        |       |     2 |       ||     2
       Confused          |       |     3 |     4 ||     7
       Invisible         |       |       |     2 ||     2
Armor: Robe              |     9 |     6 |    11 ||    26
Dodge: Dodged            |    94 |   147 |   122 ||   363

Table legend: (Time is in decaauts)
 A = Elapsed time spent in this place.
 B = Non-inter-level travel time spent in this place.
 C = Inter-level travel time spent in this place.
 D = Time resting spent in this place.
 E = Time spent auto-exploring this place.
 F = Levels seen in this place.
 G = Mean time per level.
                   A        B        C        D        E       F      G
               +--------+--------+--------+--------+--------+-----+--------+
         Total |   6570 |   6165 |    405 |    431 |   4106 |  11 |  597.3 |
       Dungeon |   5754 |   5349 |    405 |    249 |   3839 |   8 |  719.2 |
        Temple |     28 |     28 |      0 |      0 |      0 |   1 |   28.0 |
         Sewer |    338 |    338 |      0 |      0 |    195 |   1 |  338.0 |
        Bailey |    449 |    449 |      0 |    181 |     71 |   1 |  449.0 |
               +--------+--------+--------+--------+--------+-----+--------+

Top non-repeatable levels by time:
     D:5: 1208 daAuts
     D:7: 936 daAuts
     D:2: 882 daAuts
     D:3: 775 daAuts
     D:6: 676 daAuts
     D:4: 594 daAuts
     D:1: 591 daAuts
  Bailey: 449 daAuts
   Sewer: 338 daAuts
     D:8: 88 daAuts
  Temple: 28 daAuts
